 Dungeon Crawl Stone Soup version 0.21.1-1-g345015f (webtiles) character file.

3518 Fang the Cleaver (level 10, -6/94 HPs)
             Began as a Gargoyle Berserker on May 31, 2018.
             Was an Elder of Trog.
             Mangled by an ice beast (9 damage)
             ... on level 8 of the Dungeon.
             The game lasted 00:09:53 (6230 turns).

Fang the Cleaver (Gargoyle Berserker)               Turns: 6230, Time: 00:09:54

Health: -6/94      AC: 13    Str: 30    XL:     10   Next: 8%
Magic:  10/10      EV: 17    Int:  7    God:    Trog [****..]
Gold:   498        SH:  3    Dex: 11    Spells: 9/9 levels left

rFire    + . .     SeeInvis +   A - +1 hand axe (elec)
rCold    . . .     Gourm    .   (no shield)
rNeg     + . .     Faith    .   e - +0 leather armour {rF+}
rPois    ∞         Spirit   .   (helmet restricted)
rElec    +         Reflect  +   (no cloak)
rCorr    .         Harm     .   h - +2 pair of gloves
MR       +....                  (no boots)
Stlth    ..........             D - +3 amulet of reflection
HPRegen  0.25/turn              k - ring of see invisible
MPRegen  0.12/turn              C - +3 ring of evasion

@: berserking, very quick
A: antennae 1, thin skeletal structure 1, magic resistance 1, negative energy
resistance 1, electricity resistance, unbreathing, petrification resistance, rot
immunity, AC +7
a: Berserk, Trog's Hand, Brothers in Arms, Burn Spellbooks, Renounce Religion


You were on level 8 of the Dungeon.
You worshipped Trog.
Trog was greatly pleased with you.
You were hungry.

You visited 2 branches of the dungeon, and saw 9 of its levels.

You collected 498 gold pieces.

Inventory:

Hand Weapons
 d - a +0 war axe of electrocution
 A - a +1 hand axe of electrocution (weapon)
Armour
 e - a +0 leather armour of fire resistance (worn)
 h - a +2 pair of gloves (worn)
Jewellery
 k - a ring of see invisible (left hand)
 p - an uncursed amulet of rage
 q - an uncursed amulet of guardian spirit
 r - a +3 ring of dexterity
 t - an uncursed ring of magical power
 x - an uncursed ring of protection from fire
 C - a +3 ring of evasion (right hand)
 D - a +3 amulet of reflection (around neck)
Wands
 s - a wand of polymorph (18)
Scrolls
 f - 4 scrolls of remove curse
 m - 2 scrolls of blinking
 v - a scroll of teleportation
 y - 2 scrolls of identify
Potions
 a - 2 potions of ambrosia {unknown}
 b - a potion of resistance
 i - 2 potions of might
 j - 2 potions of agility {unknown}
 l - a potion of flight
 n - a potion of haste
 o - 3 potions of invisibility
 u - 5 potions of curing
 z - 3 potions of heal wounds {unknown}
 B - a potion of degeneration {unknown}
Books
 w - a book of Frost

   Spells                             Type                      Level
   a - Freeze                         Ice                          1
   b - Throw Frost                    Conjuration/Ice              2
   c - Ozocubu's Armour               Charms/Ice                   3
   d - Throw Icicle                   Conjuration/Ice              4
   e - Summon Ice Beast               Ice/Summoning                4
   Trog disapproves of the use of such an item.
Comestibles
 c - 14 rations


   Skills:
 + Level 7.4 Fighting
 + Level 9.6 Axes
 + Level 4.3 Armour
 + Level 5.3 Dodging
 + Level 3.4 Stealth


You had 9 spell levels left.
You didn't know any spells.

Dungeon Overview and Level Annotations

Branches:
Dungeon (8/15)             Temple (1/1) D:7
   Lair: D:8-11

Altars:
Ashenzari
Cheibriados
Dithmenos
Elyvilon
Fedhas
Gozag
Hepliaklqana
Kikubaaqudgha
Makhleb
Nemelex Xobeh
Okawaru
Qazlal
Ru
Sif Muna
Trog
Uskayaw
Vehumet
Wu Jian
Xom
Yredelemnul
Zin
The Shining One

Shops:
D:5 *


Innate Abilities, Weirdness & Mutations

You are resistant to torment.
Your stone body is resilient. (AC +7)
You are immune to poison.
You resist negative energy. (rN+)
You are resistant to electric shocks. (rElec)
You can survive without breathing.
You are immune to petrification.
You are immune to rotting.
You have a pair of small antennae on your head.
You have a somewhat thin skeletal structure. (Dex +2, Stealth)
You are resistant to hostile enchantments. (MR+)


Message History

You hit the ice beast.
Unknown command.
You closely miss the two-headed ogre.
The two-headed ogre is lightly wounded.
You hit the ice beast but do no damage. The ice beast closely misses you.
The two-headed ogre hits you with a giant spiked club.
* * * LOW HITPOINT WARNING * * *
The two-headed ogre closely misses you.
Unknown command.
You slash the two-headed ogre!
Lightning courses through the two-headed ogre!
The two-headed ogre is heavily wounded.
You barely miss the ice beast.
Unknown command.
You barely miss the two-headed ogre.
The two-headed ogre is heavily wounded.
You hit the ice beast but do no damage. The ice beast hits you.
* * * LOW HITPOINT WARNING * * *
The ice beast freezes you!
You die...

.##.......##...#......##
.##.......##...#........
.##............#........
...............#........
.###########...'....Y...
.# #...#........ .#
..##+##........
.......Y######S ....
......O@# .....
.......†+ .....
........# ##.....
.......!# .......
........# ......
...!....# ..# ##......#
..# #......# ..#


You could see a two-headed ogre and an ice beast.

Vanquished Creatures
  The ghost of Fang the Chopper, a novice GrBe of Trog (D:6)
  Grinder (D:6)
  The ghost of Fang the Chopper, an amateur GrBe of Trog (D:4)
  Menkaure (D:7)
  A water moccasin (D:8)
  A sky beast (D:5)
  2 ice beasts
  2 orc warriors (D:8)
  A black bear (D:8)
  A phantom (D:4)
  A necrophage (D:7)
  A centaur (D:7)
  2 ogres
  A big kobold (D:8)
  2 bullfrogs
  4 scorpions
  A wyvern skeleton (D:6)
  3 wights (D:6)
  3 howler monkeys
  4 crimson imps
  A jelly (D:4)
  2 centaur skeletons
  2 hounds
  3 orc priests
  A gnoll shaman (D:7)
  An iguana (D:5)
  2 orc wizards
  A killer bee zombie (D:5)
  A hound skeleton (D:7)
  A worker ant zombie (D:8)
  10 adders
  4 gnolls (D:7)
  A shadow imp (D:5)
  An ooze (D:5)
  An adder skeleton (D:4)
  6 dart slugs
  5 leopard geckos
  16 orcs
  2 ball pythons
  5 bats
  3 giant cockroaches
  8 goblins
  4 hobgoblins
  6 jackals
  5 quokkas
  2 frilled lizards
  A jackal zombie (D:5)
  8 kobolds
  2 leopard gecko skeletons (D:5)
  5 rats
144 creatures vanquished.

Notes
Turn   | Place    | Note
-------+----------+-------------------------------------------
     0 | D:1      | Fang the Gargoyle Berserker began the quest for the Orb.
     0 | D:1      | Reached XP level 1. HP: 14/14 MP: 1/1
   129 | D:1      | Reached XP level 2. HP: 16/19 MP: 2/2
   140 | D:1      | Reached skill level 3 in Axes
   614 | D:2      | Reached XP level 3. HP: 24/24 MP: 3/3
   852 | D:2      | Reached ** piety under Trog
   857 | D:2      | Reached XP level 4. HP: 15/29 MP: 4/4
  1802 | D:3      | Noticed an ice beast
  1811 | D:3      | Killed an ice beast
  1811 | D:3      | Reached skill level 4 in Axes
  1811 | D:3      | Reached XP level 5. HP: 34/34 MP: 5/5
  1872 | D:3      | Found a faded altar of an unknown god.
  1976 | D:3      | Found a blossoming altar of Fedhas.
  1981 | D:3      | Reached XP level 6. HP: 34/39 MP: 6/6
  2173 | D:4      | Noticed Fang's ghost (amateur GrBe)
  2186 | D:4      | Killed Fang's ghost
  2186 | D:4      | Reached skill level 5 in Axes
  2213 | D:4      | Reached skill level 5 in Fighting
  2271 | D:4      | Noticed a phantom
  2327 | D:4      | Killed a phantom
  2327 | D:4      | Reached XP level 7. HP: 37/44 MP: 5/7
  2567 | D:4      | Reached skill level 1 in Stealth
  2598 | D:4      | Found a glowing silver altar of Zin.
  2844 | D:5      | Entered Level 5 of the Dungeon
  2874 | D:5      | Reached *** piety under Trog
  2946 | D:5      | Reached skill level 6 in Axes
  3077 | D:5      | Found a radiant altar of Vehumet.
  3125 | D:5      | Found a sparkling altar of Nemelex Xobeh.
  3199 | D:5      | Reached XP level 8. HP: 41/50 MP: 8/8
  3228 | D:5      | Found Paafol's General Store.
  3390 | D:5      | Gained mutation: Scrolls take you a little longer to read. [potion of mutation]
  3390 | D:5      | Gained mutation: Your spells are a little harder to cast, but a little more powerful. [potion of mutation]
  3753 | D:6      | Noticed Fang's ghost (novice GrBe)
  3789 | D:6      | Killed Fang's ghost
  3789 | D:6      | Reached skill level 7 in Axes
  4132 | D:6      | Found a basalt altar of Yredelemnul.
  4155 | D:6      | Reached XP level 9. HP: 56/56 MP: 9/9
  4176 | D:6      | Reached skill level 8 in Axes
  4374 | D:6      | Lost mutation: Scrolls take you a little longer to read. [potion of mutation]
  4374 | D:6      | Gained mutation: You are resistant to hostile enchantments. (MR+) [potion of mutation]
  4374 | D:6      | Gained mutation: You are agile. (Dex +2) [potion of mutation]
  4374 | D:6      | Gained mutation: You possess an exceptional clarity of mind. [potion of mutation]
  4375 | D:6      | Lost mutation: Your spells are a little harder to cast, but a little more powerful. [potion of mutation]
  4375 | D:6      | Lost mutation: You possess an exceptional clarity of mind. [potion of mutation]
  4375 | D:6      | Lost mutation: You are agile. (Dex +2) [potion of mutation]
  4375 | D:6      | Gained mutation: You have a somewhat thin skeletal structure. (Dex +2, Stealth) [potion of mutation]
  4375 | D:6      | Gained mutation: You have a pair of small antennae on your head. [potion of mutation]
  4392 | D:6      | Noticed Grinder
  4401 | D:6      | Killed Grinder
  4529 | D:6      | Reached skill level 5 in Dodging
  4663 | D:7      | Found a shimmering altar of Xom.
  4664 | D:7      | Found a sacrificial altar of Ru.
  4827 | D:7      | Noticed Menkaure
  4833 | D:7      | Killed Menkaure
  4988 | D:7      | Found a burning altar of Makhleb.
  5025 | D:7      | Found a staircase to the Ecumenical Temple.
  5057 | Temple   | Entered the Ecumenical Temple
  5673 | D:8      | Reached skill level 9 in Axes
  5685 | D:8      | Reached **** piety under Trog
  5919 | D:8      | Found a white marble altar of Elyvilon.
  5959 | D:8      | Got a bloodstained falchion
  5960 | D:8      | Identified the +2 falchion "Doxke" {venom, rN+ Dex+3} (You found it on level 8 of the Dungeon)
  5976 | D:8      | Reached XP level 10. HP: 57/63 MP: 10/10
  6075 | D:8      | Noticed a two-headed ogre
  6230 | D:8      | HP: 3/94 [ice beast (3)]
  6230 | D:8      | Mangled by an ice beast

Skill      XL: |  1  2  3  4  5  6  7  8  9 |
---------------+----------------------------+-----
Axes           | 3 4 5 6 7 9 |  9.6
Fighting       | 4 5 6 7 |  7.4
Dodging        | 2 3 4 5 |  5.3
Stealth        | 1 2 3 |  3.4
Armour         | 4 |  4.3

Action                   |  1- 3 |  4- 6 |  7- 9 | 10-12 || total
-------------------------+-------+-------+-------+-------++-------
Melee: Hand axe          |    97 |   152 |   191 |    21 ||   461
       War axe           |       |       |    75 |       ||    75
Invok: Berserk           |     1 |     2 |     5 |     1 ||     9
  Use: Scroll            |       |       |    14 |       ||    14
       Potion            |       |       |     3 |       ||     3
 Stab: Sleeping          |       |       |     2 |       ||     2
       Distracted        |       |       |     1 |       ||     1
  Eat: Chunk             |       |     3 |     9 |     2 ||    14
       Ration            |       |     1 |     2 |       ||     3
Armor: Animal skin       |    44 |    53 |    56 |       ||   153
       Leather armour    |       |       |    58 |     5 ||    63
Dodge: Dodged            |    82 |   112 |   161 |    22 ||   377
Block: Other             |       |     9 |     6 |     5 ||    20
       Reflection        |       |       |     2 |     1 ||     3
